 Dungeon Crawl Stone Soup version 0.29-a0-40-g8eb35efe60 (webtiles) character file.

Game seed: 18209887225009750256

82 lunkers the Digger (level 4, -1/33 HPs)
             Began as a Demigod Earth Elementalist on Feb 1, 2022.
             Slain by an orc (4 damage)
             ... on level 3 of the Dungeon.
             The game lasted 00:04:53 (2070 turns).

lunkers the Digger (Demigod Earth Elementalist)     Turns: 2070, Time: 00:04:54

Health: -1/33      AC:  4    Str:  9    XL:     4   Next: 1%
Magic:  0/10       EV: 12    Int: 21    God:
Gold:   116        SH:  0    Dex: 14    Spells: 1/7 levels left

rFire   . . .      SeeInvis .   (no weapon)
rCold   . . .      Faith    .   (no shield)
rNeg    . . .      Spirit   .   b - +0 robe
rPois   .          Reflect  .   h - +2 hat
rElec   .          Harm     .   (no cloak)
rCorr   .          Rampage  .   (no gloves)
Will    .....                   (no boots)
Stlth   ++........              (no amulet)
HPRegen 0.11/turn               (no ring)
MPRegen 0.12/turn               (no ring)

@: no status effects
A: high MP 1, forlorn, divine attributes
a: no special abilities


You were on level 3 of the Dungeon.
You visited 1 branch of the dungeon, and saw 3 of its levels.

You collected 116 gold pieces.

Inventory:

Missiles
 c - 48 stones
Armour
 b - a +0 robe (worn)
 h - a +2 hat (worn)
Jewellery
 e - an amulet of guardian spirit
Scrolls
 d - a scroll of identify
Potions
 a - a potion of heal wounds
 g - a potion of curing
 i - 2 potions of brilliance


   Skills:
 - Level 1.7 Dodging
 - Level 1.7 Stealth
 + Level 2.4 Spellcasting
 * Level 1.2 Conjurations
 - Level 0.8 Transmutations
 + Level 3.8 Earth Magic


You had one spell level left.
You knew the following spells:

 Your Spells              Type           Power      Damage    Failure   Level
a - Sandblast             Erth           36%        2d10      2%          1
b - Passwall              Tmut/Erth      10%        N/A       9%          2
c - Stone Arrow           Conj/Erth      26%        3d8       14%         3

Your spell library contained the following spells:

 Spells                   Type           Power      Damage    Failure   Level
 Petrify                  Tmut/Erth      12%        N/A       47%         4


Dungeon Overview and Level Annotations

Branches:
Dungeon (3/15)


Innate Abilities, Weirdness & Mutations

You have an increased reservoir of magic. (+10% MP)
You shall have no god before yourself.
Your divine heritage dramatically boosts your attributes as you level up.


Message History

* * * LOW HITPOINT WARNING * * *
The orc hits you with a +0 dagger.
* * * LOW HITPOINT WARNING * * *
Casting: Sandblast (safe; 3% risk of failure)
Confirm with . or Enter, or press ? or * to list all spells.
Aiming: Sandblast (safe; 3% risk of failure)
Press: ? - help, Shift-Dir - straight line, f/p - orc
Aim: an orc, wielding a +0 hand axe and wearing a +0 scale mail (severely wounded, 82% to hit)
The blast of sand misses the orc.
The blast of sand hits the orc!
You kill the orc!
* * * LOW MAGIC WARNING * * *
The orc closely misses you. x2
You have reached level 4!
Unknown command.
You hit the orc but do no damage.
The orc is severely wounded.
The orc barely misses you. The orc hits you but does no damage.
You barely miss the orc.
The orc is severely wounded.
The orc hits you with a +0 hand axe.
* * * LOW HITPOINT WARNING * * *
The orc closely misses you.
You hit the orc but do no damage.
The orc is severely wounded.
The orc closely misses you. The orc hits you with a +0 dagger.
* * * LOW HITPOINT WARNING * * *
You hit the orc but do no damage.
The orc is severely wounded.
The orc hits you with a +0 hand axe.
* * * LOW HITPOINT WARNING * * *
An orc comes into view. It is wielding a +0 short sword.
The orc closely misses you.
You completely miss the orc.
The orc is severely wounded.
The orc closely misses you. x2
Unknown command.
You hit the orc but do no damage. You punch the orc, but do no damage.
The orc is severely wounded.
The orc hits you with a +0 hand axe.
You die...

#####
#<#.################
#.#oo.o.o...........
#.#o################
#.#@# #.#o# #.#o#
#.#.# #######.#.###
............#
#######.#o#.## ..$.#
#.#.#..##....#
#.#.##.##....#


You could see 6 orcs.

Vanquished Creatures
  2 adders
  2 orcs (D:3)
  3 bats (D:1)
  6 endoplasms
  6 giant cockroaches
  5 goblins
  3 hobgoblins
  6 jackals (D:1)
  7 kobolds
  A quokka (D:1)
  5 ball pythons
  5 frilled lizards
  4 rats
55 creatures vanquished.

Notes
Turn   | Place    | Note
-------+----------+-------------------------------------------
     0 | D:1      | lunkers the Demigod Earth Elementalist began the quest for
                  | the Orb.
     0 | D:1      | Reached XP level 1. HP: 14/14 MP: 5/5
    97 | D:1      | Reached skill level 3 in Earth Magic
   190 | D:1      | Reached XP level 2. HP: 20/20 MP: 5/7
   658 | D:1      | Reached XP level 3. HP: 25/26 MP: 3/9
  1130 | D:2      | Learned a level 2 spell: Passwall
  1134 | D:2      | Learned a level 3 spell: Stone Arrow
  1982 | D:3      | Reached skill level 1 in Conjurations
  2065 | D:3      | Reached XP level 4. HP: 5/33 MP: 0/10
  2070 | D:3      | Slain by an orc

Illustrated notes

Levels and vault maps discovered:
D:1:      matt_arrival_los_fun, layout_loops_cross,
          dilly_ecumenical_altar_fadedgnrine, minmay_close_crescents
D:2:      layout_basic, minmay_misc_feat_ornament
D:3:      layout_basic, eino_tiny_chamber

Skill      XL: |  1  2  3 |
---------------+----------+-----
Earth Magic    | 3 |  3.8
Spellcasting   | 2 |  2.4
Conjurations   | 1 |  1.2
Dodging        | |  1.7
Stealth        | |  1.7
Transmutations | |  0.8

Action                   |  1- 3 |  4- 6 || total
-------------------------+-------+-------++-------
Melee: Unarmed           |     5 |     6 ||    11
       Punch             |       |     1 ||     1
 Cast: Sandblast         |    84 |       ||    84
  Use: Scroll            |     4 |       ||     4
Armor: Robe              |    13 |     1 ||    14
Dodge: Dodged            |    28 |     6 ||    34

Table legend: (Time is in decaauts)
 A = Elapsed time spent in this place.
 B = Non-inter-level travel time spent in this place.
 C = Inter-level travel time spent in this place.
 D = Time resting spent in this place.
 E = Time spent auto-exploring this place.
 F = Levels seen in this place.
 G = Mean time per level.
                   A        B        C        D        E       F      G
               +--------+--------+--------+--------+--------+-----+--------+
         Total |   2069 |   2043 |     26 |      0 |   1709 |   3 |  689.7 |
       Dungeon |   2069 |   2043 |     26 |      0 |   1709 |   3 |  689.7 |
               +--------+--------+--------+--------+--------+-----+--------+

Top non-repeatable levels by time:
     D:1: 1126 daAuts
     D:2: 831 daAuts
     D:3: 111 daAuts
